 Dungeon Crawl Stone Soup version 0.28.0-53-g5a82cb258f (webtiles) character file.

Game seed: 15069453726677324842

261 Stomo the Skirmisher (level 5, -3/72 HPs)
             Began as a Draconian Monk on July 15, 2022.
             Slain by a scorpion (4 damage)
             ... on level 4 of the Dungeon.
             The game lasted 00:03:57 (3306 turns).

Stomo the Skirmisher (Draconian Monk)               Turns: 3306, Time: 00:04:00

Health: -3/72      AC: 22    Str: 16    XL:     5   Next: 96%
Magic:  5/5        EV:  2    Int: 10    God:
Gold:   154        SH:  0    Dex: 13    Spells: 4/4 levels left

rFire   . . .      SeeInvis .   a - +1 mace
rCold   . . .      Faith    .   (no shield)
rNeg    . . .      Spirit   .   (armour unavailable)
rPois   +          Reflect  .   (helmet currently unavailable)
rElec   .          Harm     .   (cloak currently unavailable)
rCorr   .          Rampage  .   (gloves currently unavailable)
Will    .....      NoTele   +   (boots currently unavailable)
Stlth   ++........              (no amulet)
HPRegen 0.22/turn               (no ring)
MPRegen 0.09/turn               (no ring)

@: brilliant, tree-form
A: stationary, stasis, torment immunity, boosted hp, AC +5, unfitting armour,
(cold-blooded)
a: no special abilities


You were on level 4 of the Dungeon.
You were a tree.
You visited 1 branch of the dungeon, and saw 4 of its levels.

You collected 154 gold pieces.

Inventory:

Hand Weapons
 a - a +1 mace (weapon)
Armour
 b - a +0 cloak (melded)
 i - a +2 pair of gloves (melded)
Scrolls
 f - 2 scrolls of fog
 h - a scroll of magic mapping
Potions
 d - a potion of attraction {unknown}
 e - a potion of heal wounds {unknown}
 j - a potion of curing {unknown}
 k - a potion of ambrosia {unknown}


   Skills:
 + Level 5.0 Fighting
 + Level 4.5 Maces & Flails
 + Level 4.1 Dodging
 - Level 1.7 Stealth


You had 4 spell levels left.
You didn't know any spells.
Your spell library contained the following spells:

 Spells                   Type           Power      Damage    Failure   Level
 Ensorcelled Hibernation  Hex/Ice        0%         N/A       50%         2
 Spider Form              Tmut/Pois      0%         N/A       75%         3
 Stone Arrow              Conj/Erth      0%         3d7       75%         3
 Anguish                  Hex/Necr       0%         N/A       98%         4
 Lehudib's Crystal Spear  Conj/Erth      0%         10d2      100%        8
 Animate Armour           Summ/Erth      Unusable   N/A       N/A         4

Dungeon Overview and Level Annotations

Branches:
Dungeon (4/15)
 Temple: D:4-7

Altars:
Lugonu

Shops:
D:1 !

Portals:
Abyss: D:3


Innate Abilities, Weirdness & Mutations

You are a tree.
Your roots penetrate the ground, keeping you stationary.
You cannot be teleported.
You are immune to unholy pain and torment.
Your maximum health is greatly increased.
Your equipment is partially melded.
((Your plain brown scales are hard. (AC +5)))
You cannot fit into any form of body armour.
((You are cold-blooded and may be slowed by cold attacks.))


Message History

You feel very sick. The scorpion closely misses you.
It was a potion of lignification.
You turn into a tree.
Your +0 cloak melds into your body.
Your +2 pair of gloves melds into your body.
Your roots penetrate the ground.
You feel sick.
The scorpion stings you but does no damage.
You sock the scorpion!
The scorpion is heavily wounded.
You feel sick.
The scorpion stings you but does no damage. x2
Unknown command.
You hit the scorpion but do no damage.
The scorpion is heavily wounded.
You feel sick.
The scorpion stings you but does no damage.
You hit the scorpion.
The scorpion is severely wounded.
You feel sick.
The scorpion stings you but does no damage.
The scorpion stings you.
* * * LOW HITPOINT WARNING * * *
You barely miss the scorpion.
The scorpion is severely wounded.
* * * LOW HITPOINT WARNING * * *
You feel sick. The scorpion completely misses you.
Okay, then.
You hit the scorpion but do no damage.
The scorpion is severely wounded.
* * * LOW HITPOINT WARNING * * *
You feel sick.
The scorpion stings you but does no damage.
It was a potion of brilliance.
You feel clever all of a sudden.
* * * LOW HITPOINT WARNING * * *
You feel sick.
You are no longer poisoned.
The scorpion stings you but does no damage.
The scorpion stings you.
You die...

....#.......# ....#.......#
....... ....#.††....# .......
....#.......# ##.......
....#......## #........
#...#......# #........
#...#......# #........
....'......# #s.......
....#......# #♣.....#+#########
....#......#####.....)#..........
######'###............#..........
#...#............#..........
#...#............#..........
#...#............+..........
#####............#..##.####.
...........#####..##'####.
............#......#....#..


You could see a scorpion.

Vanquished Creatures
  A scorpion (D:4)
  A centaur skeleton (D:3)
  Robin (D:2)
  4 gnolls
  5 adders
  2 worms (D:3)
  An adder skeleton (D:4)
  4 orcs (D:3)
  6 ball pythons
  7 endoplasms
  3 giant cockroaches
  8 goblins
  6 hobgoblins
  6 jackals (D:4)
  4 kobolds
  2 quokkas
  4 bats
  4 rats
69 creatures vanquished.

Vanquished Creatures (others)
  A lurking horror (D:3)
1 creature vanquished.

Grand Total: 70 creatures vanquished

Notes
Turn   | Place    | Note
-------+----------+-------------------------------------------
     0 | D:1      | Stomo the Draconian Monk began the quest for the Orb.
     0 | D:1      | Reached XP level 1. HP: 19/19 MP: 1/1
   210 | D:1      | Found Opturut's Distillery.
   316 | D:1      | Reached XP level 2. HP: 26/26 MP: 2/2
   410 | D:1      | Found a faded altar of an unknown god.
   969 | D:2      | Noticed Robin
   999 | D:2      | Killed Robin
  1000 | D:2      | Reached XP level 3. HP: 12/33 MP: 3/3
  1707 | D:2      | Reached skill level 4 in Fighting
  1777 | D:3      | Reached XP level 4. HP: 29/40 MP: 4/4
  2386 | D:3      | Found a corrupted altar of Lugonu.
  2389 | D:3      | Found a one-way gate to the infinite horrors of the Abyss.
  2756 | D:4      | Noticed a scorpion
  2785 | D:4      | Killed a scorpion
  2786 | D:4      | Reached XP level 5. HP: 31/47 MP: 5/5
  3237 | D:4      | Reached skill level 5 in Fighting
  3304 | D:4      | HP: 3/72 [poisoned by a scorpion]
  3306 | D:4      | HP: 1/72 [poisoned by a scorpion]
  3306 | D:4      | Slain by a scorpion

Illustrated notes

Levels and vault maps discovered:
D:1:      dpeg_arrival_concentric_ovals, layout_basic,
          hellmonk_ecumenical_altar_run_dry, serial_shops, nicolae_shop_stone,
          minmay_misc_feat_four_crosses
D:2:      layout_basic, uniq_robin
D:3:      layout_loops_ring, amcnicky_altar_lugonu_corruption
D:4:      layout_gridville

Skill      XL: |  1  2  3  4  5 |
---------------+----------------+-----
Dodging        | 3 4 |  4.1
Fighting       | 4 5 |  5.0
Maces & Flails | 4 |  4.5
Stealth        | |  1.7

Action                   |  1- 3 |  4- 6 || total
-------------------------+-------+-------++-------
Melee: Mace              |   117 |   105 ||   222
       Tailslap          |     9 |     7 ||    16
  Use: Scroll            |     3 |     2 ||     5
       Potion            |       |     2 ||     2
 Stab: Sleeping          |     1 |     2 ||     3
Armor: Skin              |    36 |    50 ||    86
Dodge: Dodged            |    73 |    67 ||   140
